 Dungeon Crawl Stone Soup version 0.28.0-53-g5a82cb258f (webtiles) character file.

Game seed: 17699926621004708211

64743 PentaManta the Brawler (level 15, -4/141 HPs)
             Began as a Ghoul Gladiator on June 16, 2022.
             Was the Champion of Makhleb.
             Slain by Urug
             ... wielding a +4 vampiric demon trident
              (30 damage)
             ... while paralysed by an orc sorcerer
             ... on level 2 of the Orcish Mines.
             The game lasted 00:38:30 (19978 turns).

PentaManta the Brawler (Ghoul Gladiator)           Turns: 19978, Time: 00:38:30

Health: -4/141     AC: 27    Str: 28 (29) XL:     15   Next: 14%
Magic:  14/14      EV:  2    Int:  4 (9)  God:    Makhleb [******]
Gold:   1182       SH:  0    Dex: 10      Spells: 14/14 levels left

rFire   . . .      SeeInvis +     - Unarmed
rCold   + . .      Faith    .   (no shield)
rNeg    + + +      Spirit   .   G - +6 chain mail "Eghiyq" {Str+3}
rPois   ∞          Reflect  +   b - +1 helmet
rElec   .          Harm     .   q - +2 cloak {rPois}
rCorr   .          Rampage  .   (no gloves)
Will    +....                   l - +0 pair of boots
Stlth   ..........              H - amulet of reflection
HPRegen 0.00/turn               M - +6 ring of intelligence
MPRegen 0.14/turn               I - ring of see invisible

@: paralysed, inhibited regen
A: claws 1, cold resistance 1, negative energy resistance 3, inhibited
regeneration, torment resistance 2
a: Renounce Religion, Minor Destruction, Lesser Servant of Makhleb, Major
Destruction, Greater Servant of Makhleb


You were on level 2 of the Orcish Mines.
You worshipped Makhleb.
Makhleb was exalted by your worship.
You visited 4 branches of the dungeon, and saw 18 of its levels.
You also visited: Sewer.

You collected 2255 gold pieces.
You spent 1073 gold pieces at shops.

Inventory:

Missiles
 c - 2 throwing nets
 k - 22 poisoned darts (quivered)
 s - 21 boomerangs
 v - 4 curare-tipped darts
Armour
 b - a +1 helmet (worn)
 d - a +0 pair of gloves
 l - a +0 pair of boots (worn)
 q - a +2 cloak of poison resistance (worn)
 z - a +0 tower shield
 G - the +6 chain mail "Eghiyq" (worn) {Str+3}
   (You bought it in a shop on level 4 of the Dungeon)

   Str:       It affects your strength (+3).
Jewellery
 e - a ring of fire
 n - a ring of resist corrosion
 y - a +4 ring of slaying
 H - an amulet of reflection (around neck)
 I - a ring of see invisible (right claw)
 M - a +6 ring of intelligence (left claw)
 P - a ring of the Octopus King {rN+ AC+1 EV+1 Str+1 Int+1 Dex+1}
   (You found it on level 6 of the Lair of Beasts)

   [ring of positive energy]

   AC:        It affects your AC (+1).
   EV:        It affects your evasion (+1).
   Str:       It affects your strength (+1).
   Int:       It affects your intelligence (+1).
   Dex:       It affects your dexterity (+1).
   rN:        It protects you from negative energy.
 W - a +4 ring of evasion
Wands
 x - a wand of paralysis (8)
 B - a wand of acid (7)
 C - a wand of flame (54)
 K - a wand of mindburst (11)
 L - a wand of digging (11)
 S - a wand of polymorph (9)
Scrolls
 a - 3 scrolls of fear
 f - 3 scrolls of immolation
 h - 5 scrolls of enchant armour
 i - a scroll of magic mapping
 j - 10 scrolls of teleportation
 D - 4 scrolls of blinking
 E - 3 scrolls of fog
 J - a scroll of enchant weapon
 O - 2 scrolls of vulnerability
 T - a scroll of summoning
Potions
 g - 5 potions of heal wounds
 m - 4 potions of curing
 o - 5 potions of brilliance
 p - 2 potions of might
 r - 6 potions of attraction
 t - 2 potions of magic
 u - 4 potions of haste
 w - 3 potions of resistance
 A - a potion of flight
 F - a potion of cancellation
 R - 3 potions of ambrosia
 U - a potion of invisibility
Miscellaneous
 N - a phial of floods
 Q - a lightning rod (4/4)


   Skills:
 - Level 15.0 Fighting
 - Level 6.0 Throwing
 - Level 15.0 Armour
 - Level 2.8 Dodging
 + Level 16.1 Unarmed Combat


You had 14 spell levels left.
You didn't know any spells.
Your spell library contained the following spells:

 Spells                   Type           Power      Damage    Failure   Level
 Animate Skeleton         Necr           0%         N/A       89%         1
 Pain                     Necr           0%         1d4       89%         1
 Summon Small Mammal      Summ           0%         N/A       89%         1
 Blink                    Tloc           0%         N/A       96%         2
 Ensorcelled Hibernation  Hex/Ice        0%         N/A       96%         2
 Passwall                 Tmut/Erth      0%         N/A       96%         2
 Call Canine Familiar     Summ           0%         N/A       99%         3
 Frozen Ramparts          Ice            0%         1d2       99%         3
 Summon Guardian Golem    Hex/Summ       0%         N/A       99%         3
 Swiftness                Air            0%         N/A       99%         3
 Vampiric Draining        Necr           0%         2d6       99%         3
 Animate Armour           Summ/Erth      0%         N/A       100%        4
 Cause Fear               Hex            0%         N/A       100%        4
 Petrify                  Tmut/Erth      0%         N/A       100%        4
 Summon Ice Beast         Ice/Summ       0%         N/A       100%        4
 Manifold Assault         Tloc           0%         N/A       100%        5
 Metabolic Englaciation   Hex/Ice        0%         N/A       100%        5
 Dispersal                Tloc           0%         N/A       100%        6
 Iron Shot                Conj/Erth      0%         9d1       100%        6
 Disjunction              Tloc           0%         N/A       100%        8
 Dragon's Call            Summ           0%         N/A       100%        9
 Ice Form                 Ice/Tmut       Unusable   N/A       N/A         4
 Blade Hands              Tmut           Unusable   N/A       N/A         5
 Statue Form              Tmut/Erth      Unusable   N/A       N/A         6
 Dragon Form              Tmut           Unusable   N/A       N/A         7
 Storm Form               Tmut/Air       Unusable   N/A       N/A         7
 Death's Door             Necr           Unusable   N/A       N/A         9

Dungeon Overview and Level Annotations

Branches:
Dungeon (9/15)             Temple (1/1) D:4            Lair (6/6) D:9
 Shoals (0/4) Lair:2       Spider (0/4) Lair:4        Slime (0/5) Lair:5
    Orc (2/2) D:9           Sewer (visited)
    Elf: Orc:2

Altars:
Ashenzari
Cheibriados
Dithmenos
Elyvilon
Fedhas
Gozag
Hepliaklqana
Kikubaaqudgha
Makhleb
Nemelex Xobeh
Okawaru
Qazlal
Ru
Sif Muna
Trog
Uskayaw
Vehumet
Wu Jian
Xom
Yredelemnul
Zin
The Shining One
Beogh
Jiyva

Shops:
D:4 [(=   D:5 ?

Annotations:
Orc:2 Urug


Innate Abilities, Weirdness & Mutations

You thrive by killing the living.
You are immune to poison.
You have sharp fingernails.
Your flesh is cold resistant. (rC+)
You are immune to negative energy. (rN+++)
You do not regenerate when monsters are visible.
You are immune to unholy pain and torment.


Message History

The orc wizard no longer looks unusually strong.
The orc knight hits you from afar with a +0 glaive.
The orc wizard hits you but does no damage.
The orc sorcerer mumbles some strange words.
Urug no longer looks unusually strong.
The orc knight roars a battlecry!
The orcs go into a battle-frenzy!
The orc sorcerer no longer looks unusually strong.
The orc warrior no longer looks unusually strong.
The orc sorcerer mumbles some strange words.
The smoke demon gestures at you. Something smites you!
The orc sorcerer points at you and mumbles some strange words.
You suddenly lose the ability to move!
The orc wizard casts a spell.
The orc wizard flickers and vanishes for a moment.
The orc knight roars a battlecry!
The orcs go into a battle-frenzy!
The orc priest mumbles some strange prayers to Beogh against you.
Beogh smites you!
The orc wizard hits you with a +0 dagger.
The smoke demon gestures at you. The ball of steam hits you!
The neqoxec gestures at you.
You feel dopey. Something feeds on your intellect!
You are engulfed in a cloud of scalding steam.
The orc wizard gestures at you while chanting.
The puff of flame hits you but does no damage.
The orc sorcerer points at you and mumbles some strange words.
The bolt of fire hits the orc wizard!!
The orc wizard dies!
The bolt of fire hits you!!
Urug hits you from afar with a +4 vampiric demon trident!!
* * * LOW HITPOINT WARNING * * *
The orc warrior hits you but does no damage.
You are engulfed in a cloud of scalding steam.
Urug is engulfed in a cloud of scalding steam.
Urug hits you from afar with a +4 vampiric demon trident!!
You die...

##.#...<..[.........#..# #
#..#...).......###...#
#####.........## .##
#..........## .. ###......####
## #####.§§.....#
##.#.§§.......#
##.##.§.§§.....## #
##...oo@§§[[.....## .
#....o§o.#<.......# ## .
#....§3§.##.......##.#
.#########..o.....####........#
....8.##.#o.3....## ###).....#.
.....)##).........###........##
.....oo[..........##..........#
o.)......#........##.........##
....8..####...................#


You could see an orc knight, Urug (strong), a neqoxec (summoned), an orc
sorcerer (strong) and an orc warrior (strong).

Vanquished Creatures
  An orc warlord (Orc:1)
  5 boulder beetles
  8 hydras
  Erica (D:8)
  2 two-headed ogres
  A merfolk avatar (Lair:6)
  6 death yaks
  An orc high priest (Orc:2)
  An orb spider (Lair:4)
  2 sea snakes (Lair:6)
  2 orc knights (Orc:1)
  2 orc sorcerers (Orc:1)
  An oklob plant (Lair:4)
  A harpy (Lair:6)
  An ice statue (Lair:5)
  8 black mambas
  A merfolk siren (Lair:2)
  21 elephants
  A torpor snail (Lair:5)
  Joseph (D:8)
  23 cane toads
  12 komodo dragons
  4 rime drakes
  A freezing wraith (Lair:5)
  4 trolls
  12 polar bears
  A queen bee (Lair:2)
  A wind drake (Lair:6)
  3 blink frogs (Lair:2)
  2 hornets
  A tyrant leech (Lair:3)
  A snapping turtle (Lair:6)
  7 dream sheep (Lair:4)
  A shadow (D:9)
  A wraith (D:9)
  2 wyverns
  40 yaks
  A steam dragon (D:7)
  A basilisk (Lair:5)
  An acid dragon (D:9)
  5 wargs
  4 swamp worms (Lair:4)
  10 water moccasins
  20 orc warriors
  2 ice beasts (Lair:5)
  7 black bears
  A necrophage (D:6)
  8 wolves
  10 ogres
  A centaur (D:7)
  A phantom (D:5)
  4 kobold brigands
  15 bullfrogs
  A scorpion (D:7)
  A water moccasin skeleton (D:4)
  24 killer bees
  8 wights
  2 howler monkeys
  3 electric eels
  4 centaur zombies
  A bullfrog zombie (D:6)
  6 hounds
  3 jellies
  A bullfrog skeleton (D:5)
  8 orc priests
  A centaur skeleton (D:7)
  2 gnoll shamans
  2 iguanas
  15 orc wizards
  A hound zombie (D:5)
  A howler monkey zombie (D:9)
  22 gnolls
  5 adders
  A shadow imp (D:4)
  2 white imps
  2 ufetubi (D:6)
  A worm (D:4)
  4 dart slugs
  75 orcs
  8 bats
  9 endoplasms
  7 giant cockroaches
  9 goblins
  6 hobgoblins
  2 jackals (D:2)
  4 quokkas
  18 ball pythons
  5 frilled lizards
  25 kobolds
  10 rats
573 creatures vanquished.

Vanquished Creatures (others)
  A water moccasin (Lair:1)
  An orc wizard (Orc:2)
  21 fungi
  39 plants
62 creatures vanquished.

Grand Total: 635 creatures vanquished

Notes
Turn   | Place    | Note
-------+----------+-------------------------------------------
     0 | D:1      | PentaManta the Ghoul Gladiator began the quest for the Orb.
     0 | D:1      | Reached XP level 1. HP: 17/17 MP: 0/0
    38 | D:1      | Reached XP level 2. HP: 18/25 MP: 1/1
   306 | D:1      | Found a faded altar of an unknown god.
   487 | D:1      | Reached skill level 4 in Unarmed Combat
   546 | D:1      | Reached XP level 3. HP: 30/30 MP: 2/2
  1364 | D:2      | Reached XP level 4. HP: 37/37 MP: 3/3
  1705 | D:3      | Reached skill level 5 in Unarmed Combat
  2560 | D:4      | Found a glowing drain.
  2585 | D:4      | Reached XP level 5. HP: 23/42 MP: 4/4
  2589 | Sewer    | Entered a sewer
  2728 | Sewer    | Reached skill level 6 in Unarmed Combat
  2849 | Sewer    | Noticed a kobold brigand
  2858 | Sewer    | Killed a kobold brigand
  3067 | Sewer    | Noticed a kobold brigand
  3067 | Sewer    | Noticed a kobold brigand
  3077 | Sewer    | Killed a kobold brigand
  3078 | Sewer    | Reached skill level 7 in Unarmed Combat
  3078 | Sewer    | Reached XP level 6. HP: 16/50 MP: 5/5
  3273 | D:4      | Found Nuynweir's Armour Emporium.
  3323 | D:4      | Found a staircase to the Ecumenical Temple.
  3371 | Temple   | Entered the Ecumenical Temple
  3805 | Temple   | Became a worshipper of Makhleb the Destroyer
  3861 | D:4      | Found Guoneteo's Weapon Shoppe.
  3906 | D:4      | Reached skill level 8 in Unarmed Combat
  3911 | D:4      | Reached XP level 7. HP: 56/56 MP: 6/6
  3960 | D:4      | Found Jat Tyd's Jewellery Shop.
  3979 | D:4      | Reached skill level 9 in Unarmed Combat
  4034 | D:4      | Found a snail-covered altar of Cheibriados.
  4071 | D:4      | Found a stormy altar of Qazlal.
  4264 | D:5      | Entered Level 5 of the Dungeon
  4310 | D:5      | Reached * piety under Makhleb
  4318 | D:5      | Reached XP level 8. HP: 53/62 MP: 7/7
  4332 | D:5      | Reached skill level 10 in Unarmed Combat
  4385 | D:5      | Found Udeun's Magic Scroll Boutique.
  4399 | D:5      | Bought a scroll of identify for 20 gold pieces
  4399 | D:5      | Bought a scroll of noise for 10 gold pieces
  4399 | D:5      | Bought a scroll of identify for 20 gold pieces
  4399 | D:5      | Bought a scroll of blinking for 75 gold pieces
  4399 | D:5      | Bought a scroll of fog for 20 gold pieces
  4680 | D:5      | Reached skill level 11 in Unarmed Combat
  5062 | D:6      | Reached skill level 1 in Armour
  5260 | D:6      | Got Sif Muna's Almanac of Moulding and Necromancy
  5498 | D:6      | Noticed a two-headed ogre
  5508 | D:6      | Killed a two-headed ogre
  5509 | D:6      | Reached XP level 9. HP: 72/72 MP: 8/8
  5875 | D:6      | You fall into a shaft and drop 2 floors!
  5898 | D:8      | Reached skill level 5 in Armour
  5902 | D:8      | Reached skill level 5 in Fighting
  5928 | D:8      | Reached ** piety under Makhleb
  6056 | D:8      | Noticed Erica
  6099 | D:8      | Killed Erica
  6111 | D:8      | Identified a scroll of acquirement
  6111 | D:8      | Acquired 708 gold pieces
  6446 | D:7      | Reached XP level 10. HP: 80/84 MP: 9/9
  6976 | D:7      | Reached *** piety under Makhleb
  7791 | D:4      | Bought the +6 chain mail "Eghiyq" {Str+3} for 478 gold
                  | pieces
  7823 | D:4      | Bought an amulet of reflection for 300 gold pieces
  7823 | D:4      | Bought a ring of see invisible for 150 gold pieces
  8049 | D:8      | Noticed Joseph
  8072 | D:8      | Killed Joseph
  8615 | D:9      | Noticed a two-headed ogre
  8645 | D:9      | Killed a two-headed ogre
  8664 | D:9      | Reached XP level 11. HP: 95/95 MP: 10/10
  8670 | D:9      | Reached skill level 10 in Armour
  8963 | D:9      | Reached **** piety under Makhleb
  9055 | D:9      | Found a staircase to the Lair.
  9222 | D:9      | Found a staircase to the Orcish Mines.
  9703 | Lair:1   | Entered Level 1 of the Lair of Beasts
  9897 | Lair:1   | Reached skill level 10 in Fighting
  9915 | Lair:1   | Reached ***** piety under Makhleb
 10688 | Lair:2   | Noticed a seven-headed hydra
 10704 | Lair:2   | Killed a seven-headed hydra
 10927 | Lair:2   | Reached XP level 12. HP: 100/108 MP: 11/11
 11155 | Lair:2   | Noticed a boulder beetle
 11173 | Lair:2   | Killed a boulder beetle
 11185 | Lair:2   | Noticed a boulder beetle
 11199 | Lair:2   | Killed a boulder beetle
 12060 | Lair:2   | Noticed a boulder beetle
 12090 | Lair:2   | Noticed a death yak
 12091 | Lair:2   | Killed a boulder beetle
 12107 | Lair:2   | Killed a death yak
 12122 | Lair:2   | Noticed a seven-headed hydra
 12132 | Lair:2   | Killed a seven-headed hydra
 12264 | Lair:2   | Noticed a four-headed hydra
 12273 | Lair:2   | Killed a four-headed hydra
 12278 | Lair:2   | Reached XP level 13. HP: 112/119 MP: 12/12
 13111 | Lair:2   | Found a staircase to the Shoals.
 13775 | Lair:2   | Reached skill level 15 in Armour
 13973 | Lair:3   | Reached skill level 12 in Unarmed Combat
 14574 | Lair:4   | Reached ****** piety under Makhleb
 15284 | Lair:4   | Reached skill level 13 in Unarmed Combat
 15421 | Lair:4   | Reached XP level 14. HP: 132/132 MP: 13/13
 15444 | Lair:4   | You fall into a shaft and drop 2 floors!
 15444 | Lair:6   | Entered Level 6 of the Lair of Beasts
 15829 | Lair:4   | Found a hole to the Spider Nest.
 15952 | Lair:4   | Reached skill level 14 in Unarmed Combat
 16737 | Lair:5   | Found a staircase to the Slime Pits.
 16737 | Lair:5   | Found a viscous altar of Jiyva.
 16853 | Lair:5   | Reached skill level 15 in Unarmed Combat
 17298 | Lair:6   | Reached skill level 15 in Fighting
 17428 | Lair:6   | Found a shimmering altar of Xom.
 18274 | Lair:6   | Found the ring of the Octopus King
 18287 | Lair:6   | Identified a ring of the Octopus King {rN+ AC+1 EV+1 Str+1
                  | Int+1 Dex+1}
 18837 | Orc:1    | Entered Level 1 of the Orcish Mines
 18860 | Orc:1    | Reached skill level 16 in Unarmed Combat
 19021 | Orc:2    | Entered Level 2 of the Orcish Mines
 19490 | Orc:1    | Reached XP level 15. HP: 141/141 MP: 14/14
 19583 | Orc:1    | Paralysed by an orc sorcerer for 3 turns
 19588 | Orc:1    | Lost intelligence.
 19596 | Orc:1    | Reached skill level 5 in Throwing
 19863 | Orc:2    | Noticed an orc warlord
 19901 | Orc:1    | Killed an orc warlord
 19955 | Orc:2    | Noticed Urug
 19973 | Orc:2    | Paralysed by an orc sorcerer for 7 turns
 19978 | Orc:2    | Slain by Urug

Illustrated notes

Levels and vault maps discovered:
D:1:      minmay_arrival_solitary_statue, layout_basic,
          hellmonk_ecumenical_altar_heavens_door, minmay_misc_feat_five
D:2:      layout_basic, hex_intersection, minmay_misc_feat_secret_circle
D:3:      layout_loops_cross, chequers_big_river
D:4:      layout_rooms, slow_altar_2, mainiacjoe_overflow_six_doors_small,
          temple_statues, portal_sewer_entry_f, serial_shops, shop, shop,
          shop_statue
D:5:      layout_cave_pools, serial_shops, shop
D:6:      layout_layer_cave, kennysheep_another_room
D:7:      layout_cave_pods
D:8:      layout_gridville, special_room [special_room_orc], uniq_joseph,
          uniq_erica
D:9:      layout_basic, erik_lair_island, erik_orc_3, minmay_increasing_density
Temple:   mainiacjoe_temple_big_plus
Lair:1:   layout_hall_layers, beast_lair_carwin_3
Lair:2:   nzn_winding_woodlands_huge [nzn_winding_woodlands_5x15_jagged,
          nzn_winding_woodlands_5x15_sawtooth,
          nzn_winding_woodlands_5x15_lazy_stream,
          nzn_winding_woodlands_5x15_eye, nzn_winding_woodlands_5x15_pockets,
          nzn_winding_woodlands_5x15_cabin, nzn_winding_woodlands_5x15_crooked,
          nzn_winding_woodlands_5x15_pool,
          nzn_winding_woodlands_5x15_concentric,
          nzn_winding_woodlands_5x15_default,
          nzn_winding_woodlands_center_lodge,
          nzn_winding_woodlands_center_triple_pond,
          nzn_winding_woodlands_15x15_five_gardens], layout_long_grid,
          minmay_shoals_entry_lonely_mermaid
Lair:3:   layout_loops_ring, special_room [special_room_bee]
Lair:4:   layout_regular_city, nicolae_spider_entry_orb_guardian, worms_lemuel
Lair:5:   layout_misc_corridors, slime_altar_1, ice2_lemuel
Lair:6:   gammafunk_lair_ancient_temple, layout_small_grid, basic_altar,
          st_stairs_13, serial_bayou_shore_b, lemuel_fruit_tree
Orc:1:    layout_caves
Orc:2:    grunt_orc_cross, layout_diamond_mine, mines2_david

Skill      XL: |  1  2  3  4  5  6  7  8  9 10 11 12 13 14 15 |
---------------+----------------------------------------------+-----
Throwing       | 2 4 6 |  6.0
Unarmed Combat | 4 5 7 8 9 11 13 16 | 16.1
Armour         | 4 7 9 12 14 15 | 15.0
Fighting       | 4 6 8 10 12 14 15 | 15.0
Dodging        | |  2.8

Action                   |  1- 3 |  4- 6 |  7- 9 | 10-12 | 13-15 || total
-------------------------+-------+-------+-------+-------+-------++-------
Melee: Unarmed           |   103 |   197 |   225 |   719 |   958 ||  2202
       Punch             |     1 |    10 |    10 |    59 |   111 ||   191
Throw: Dart              |       |       |     5 |    15 |    18 ||    38
       Throwing net      |       |       |     2 |       |       ||     2
       Boomerang         |       |       |     1 |       |     2 ||     3
Evoke: Wand              |       |       |       |     6 |       ||     6
  Use: Scroll            |       |     3 |    13 |     3 |     5 ||    24
       Potion            |       |     1 |     2 |     1 |     3 ||     7
 Stab: Held in net/web   |       |       |     1 |       |       ||     1
Armor: Leather armour    |    43 |    75 |       |       |       ||   118
       Scale mail        |       |     9 |   116 |   107 |       ||   232
       Chain mail        |       |       |       |   373 |   884 ||  1257
Dodge: Dodged            |    59 |   127 |    86 |   311 |   591 ||  1174
Block: Other             |       |       |       |   133 |   301 ||   434
       Reflection        |       |       |       |       |     1 ||     1
